Map: Kairos Junction LE

Players

Mez - Winner!

  • Race: Terran Terran
  • League: Master
  • Spawn Location: 11:00

Intoxicated

  • Race: Terran Terran
  • League: Master
  • Spawn Location: 5:00

VOD

Have the link to the VOD?

Description

Time

  • Played on: Aug. 13, 2019, 9:37 a.m.
  • Length: 13:29
Show
View Real Time Build Order
Export as new Build Order

Mez Terran - Winner!

Build Orders: Gas First Reaper Expand 

Get SALT Encoding   

  12  0:00  SCV  
  13  0:13  SCV  
  14  0:17  Supply Depot  
  14  0:25  SCV  
  15  0:30  Refinery  
  15  0:38  SCV  
  16  0:45  Barracks  
  16  0:50  SCV  
  17  1:02  SCV  
  18  1:14  SCV  
  19  1:32  Reaper, Orbital Command  
  20  1:45  Command Center  
  20  1:54  Factory  
  20  1:58  SCV  
  21  2:09  Barracks Reactor  
  21  2:10  SCV  
  21  2:13  Supply Depot  
  22  2:18  Refinery  
  22  2:22  SCV  
  23  2:45  Marine  
  23  2:46  Marine  
  23  2:47  Factory Tech Lab  
  23  2:49  SCV  
  25  2:57  Orbital Command  
  25  3:01  SCV  
  25  3:03  Marine x2  
  28  3:06  Cyclone  
  31  3:14  SCV, Starport  
  32  3:23  SCV, Marine x2  
  32  3:26  SCV  
  36  3:35  SCV  
  36  3:38  SCV  
  36  3:39  Siege Tank  
  41  3:42  Refinery  
  40  3:53  SCV x2, Marine  
  40  3:54  Marine  
  40  3:55  Starport Tech Lab  
  42  4:03  Supply Depot  
  42  4:05  SCV  
  42  4:06  SCV  
  44  4:15  Raven  
  46  4:25  SCV x2, Marine x2  
  50  4:34  Siege Tank  
  50  4:37  SCV  
  54  4:38  Supply Depot  
  54  4:40  Supply Depot  
  54  4:53  Command Center  
  54  4:57  SCV  
  54  4:59  SCV  
  52  5:11  SCV  
  53  5:20  SCV  
  54  5:23  SCV  
  54  5:25  Raven  
  54  5:26  Siege Tank, Marine x2  
  62  5:31  Barracks  
  62  5:32  SCV, Barracks  
  62  5:34  Supply Depot  
  63  5:35  SCV  
  64  5:43  Refinery  
  64  5:44  SCV  
  64  5:46  Engineering Bay  
  64  5:47  Engineering Bay  
  64  5:48  SCV  
  64  5:49  Marine  
  67  5:56  SCV  
  68  5:59  Supply Depot  
  68  6:00  SCV  
  68  6:02  Siege Tank  
  72  6:08  SCV  
  75  6:12  SCV  
  75  6:17  Terran Infantry Armor Level 1, Terran Infantry Weapons Level 1  
  74  6:20  SCV  
  74  6:24  SCV  
  76  6:27  Orbital Command  
  76  6:32  SCV  
  77  6:36  SCV  
  78  6:44  SCV  
  79  6:50  Barracks Reactor x2  
  79  6:51  Viking x2  
  83  7:01  Orbital Command  
  83  7:04  Marine  
  83  7:07  Barracks  
  83  7:08  SCV, Barracks  
  85  7:14  Supply Depot  
  85  7:16  Stimpack  
  85  7:17  Supply Depot  
  85  7:21  Marine  
  86  7:28  Viking x2  
  86  7:41  Marine x5  
  91  7:47  Siege Tank  
  94  7:51  SCV x3, Supply Depot  
  94  7:52  Armory  
  94  7:53  Supply Depot  
  94  7:56  Starport  
  94  7:57  Barracks Reactor  
  94  7:58  Barracks Reactor, Viking x2  
  97  7:59  Marine x3  
  97  8:03  SCV  
  97  8:04  SCV x2  
  107  8:15  SCV  
  93  8:27  Marine x5  
  93  8:28  Viking x2  
  96  8:34  Marine x4  
  96  8:35  Siege Tank  
  96  8:38  Starport Reactor  
  96  8:40  SCV  
  96  8:41  Factory, SCV x2  
  106  8:43  Refinery  
  106  8:44  Marine  
  106  8:45  Refinery, Marine x4  
  106  8:48  Terran Infantry Weapons Level 2  
  111  8:49  Supply Depot  
  111  8:50  Terran Infantry Armor Level 2, Supply Depot  
  111  8:52  Marine  
  111  8:53  SCV  
  111  8:55  Marine x3  
  116  9:04  SCV x2, Marine  
  116  9:05  SCV, Marine x4  
  124  9:10  Marine  
  124  9:16  SCV  
  124  9:17  Combat Shield  
  126  9:30  Siege Tank  
  126  9:45  Orbital Command  
  126  9:46  Marine x9  
  126  9:47  Factory Tech Lab  
  126  9:48  Viking x3  
  126  9:49  Viking  
  143  9:54  SCV x2  
  144  10:03  Marine  
  144  10:06  SCV  
  142  10:20  SCV  
  142  10:21  SCV x2  
  145  10:23  Refinery  
  145  10:26  Refinery  
  145  10:33  SCV x2  
  147  10:38  SCV, Marine  
  149  10:53  Supply Depot  
  149  10:55  Supply Depot  
  149  11:14  SCV x3, Marine, Medivac x2  
  149  11:16  Marine x6, Medivac  
  165  11:23  Command Center  
  165  11:34  Sensor Tower  
  165  11:42  Marine, Supply Depot  
  165  11:43  Missile Turret  
  165  11:44  Missile Turret  
  165  11:46  Sensor Tower, Supply Depot x2  
  165  11:48  Supply Depot  
  165  11:57  Liberator  
  165  12:04  Medivac x3  
  171  12:11  Siege Tank x2, Marine  
  171  12:12  Marine x8  
  189  12:17  Liberator x2  
  189  12:29  Marine  
  195  12:48  Siege Tank  
  195  12:49  Marine x2  
  200  12:54  Barracks  
  200  12:55  Barracks  
  200  12:56  Barracks  
Show
View Real Time Build Order
Export as new Build Order

Intoxicated Terran 

Build Orders: 1/1/1 

Get SALT Encoding   

  12  0:00  SCV  
  13  0:12  SCV  
  14  0:17  Supply Depot  
  14  0:25  SCV  
  15  0:29  Refinery  
  15  0:39  SCV  
  16  0:44  Barracks  
  16  0:51  SCV  
  16  0:55  Refinery  
  17  1:03  SCV  
  18  1:15  SCV  
  19  1:31  Barracks Reactor, Orbital Command  
  19  1:34  Factory  
  19  1:49  Supply Depot  
  19  1:56  SCV  
  21  2:08  Reaper x2, SCV  
  23  2:18  Hellion  
  23  2:22  Starport  
  25  2:26  SCV  
  25  2:27  Supply Depot  
  25  2:46  Hellion  
  25  2:47  Reaper x2  
  25  2:51  SCV  
  30  3:06  Command Center  
  30  3:11  Medivac  
  32  3:15  SCV  
  32  3:18  Factory Tech Lab  
  33  3:27  SCV  
  34  3:29  Supply Depot  
  34  3:30  Marine  
  34  3:32  Marine  
  36  3:40  SCV  
  33  3:53  Marine x2  
  33  3:54  Siege Tank  
  35  3:56  SCV  
  35  4:02  Starport Tech Lab  
  36  4:06  Refinery  
  36  4:11  Marine x2  
  36  4:12  SCV  
  39  4:19  Orbital Command  
  39  4:22  Raven  
  39  4:24  SCV  
  42  4:32  Marine x2  
  44  4:41  Barracks  
  44  4:42  SCV  
  45  4:46  SCV  
  45  4:51  Marine  
  47  4:55  SCV  
  47  4:59  SCV  
  46  5:09  SCV  
  46  5:11  Siege Tank, SCV, Marine x2  
  46  5:12  Raven  
  53  5:20  Refinery  
  53  5:21  SCV  
  54  5:23  SCV  
  54  5:26  Supply Depot  
  55  5:29  Marine x2, Barracks Tech Lab  
  55  5:33  SCV  
  55  5:34  Supply Depot  
  55  5:35  SCV  
  59  5:42  Supply Depot  
  59  5:45  SCV  
  59  5:47  SCV  
  59  5:48  Siege Tank  
  64  5:52  Marine  
  64  5:54  Stimpack  
  67  5:58  Supply Depot  
  65  6:07  Viking  
  65  6:08  Viking  
  65  6:09  SCV x2  
  65  6:10  Marine  
  72  6:12  Marine  
  72  6:18  Supply Depot  
  73  6:21  Siege Tank  
  73  6:22  Combat Shield  
  76  6:29  SCV  
  76  6:30  SCV, Supply Depot  
  75  6:49  Marine x2  
  75  6:50  Viking x2  
  81  7:09  Barracks  
  81  7:10  Engineering Bay  
  81  7:11  Engineering Bay, Command Center  
  81  7:26  Marine x2  
  81  7:29  SCV x2  
  85  7:30  Siege Tank  
  85  7:31  Viking x2  
  92  7:41  SCV x2  
  94  7:45  Terran Infantry Armor Level 1, Terran Infantry Weapons Level 1  
  94  7:52  Marine x2  
  96  7:59  Barracks  
  96  8:02  Viking x2  
  64  8:29  Marine x3  
  64  8:33  SCV x2  
  66  8:38  Siege Tank  
  66  8:39  Medivac x2  
  73  8:46  Barracks x2  
  73  8:48  Barracks Reactor, Armory  
  73  8:49  Barracks Tech Lab  
  73  8:50  Marine  
  73  8:51  Marauder  
  77  8:55  SCV  
  77  8:56  SCV  
  78  9:05  Factory  
  78  9:08  Refinery, Marine x2  
  80  9:10  Siege Tank, Refinery  
  83  9:18  Marine  
  78  9:32  Marine x4  
  78  9:33  Viking x2  
  83  9:39  Marine x3  
  83  9:42  Siege Tank  
  87  9:48  SCV  
  87  9:50  Marine x4  
  92  10:00  SCV  
  92  10:05  Orbital Command  
  93  10:07  Marine x2  
  93  10:12  Terran Infantry Weapons Level 2  
  91  10:24  Marine x3  
  94  10:31  Marine x3  
  97  10:38  Marine  
  97  10:42  Marine  
  97  10:44  Marine  
  97  10:45  Marine  
  97  10:49  Marine x3  
  102  11:06  Command Center  
  102  11:10  Barracks Reactor, Barracks Tech Lab  
  102  11:22  SCV  
  102  11:27  SCV, Marauder, Supply Depot  
  102  11:29  Marine x2  
  102  11:30  Marine  
  92  11:33  Siege Tank  
  92  11:34  Medivac x2  
  92  11:36  Marine x2  
  101  11:48  Command Center  
  101  11:52  Marine x3  
  104  11:56  Marine, Supply Depot  
  104  11:59  Supply Depot  
  105  12:03  Marine x3  
  105  12:08  Medivac  
  110  12:17  Medivac  
  110  12:18  Orbital Command  
  111  12:24  Marine x2  
  111  12:25  Marauder  
  115  12:33  SCV x2  
  117  12:43  Marine x2  
  119  12:57  Supply Depot  
  119  12:58  Supply Depot  
  119  13:01  Sensor Tower  
  119  13:11  Marine  
Tags
 
Add a new tag
Caveats
  • Supply blocks, unpowered buildings, or Contaminate may cause inaccurate times.
  • Supply counts are checked every 10 seconds.